 Dungeon Crawl Stone Soup version 0.25-a0-576-g50b708a4c4 (webtiles) character file.

Game seed: 6307044935059573323, levelgen mode: deterministic

427810 DerDa the Scorcher (level 22, -8/165 HPs)
             Began as a Demonspawn Fire Elementalist on Feb 28, 2020.
             Was an Elder of Sif Muna.
             Killed by the air
             ... invoked by a spriggan air mage
              (24 damage)
             ... on level 2 of the Depths on Mar 1, 2020.
             The game lasted 05:04:03 (58400 turns).

DerDa the Scorcher (Demonspawn Fire Elementalist)  Turns: 58400, Time: 05:04:03

Health: -8/165     AC:  9    Str: 12    XL:     22   Next: 78%
Magic:  4/51       EV: 26    Int: 26    God:    Sif Muna [****..]
Gold:   4233       SH: 10    Dex: 16    Spells: 9/54 levels left

rFire    + + .     SeeInvis +   a - +9 hand axe "Nuirphoe" {pain, rF+}
rCold    + + .     Gourm    .   h - +0 buckler
rNeg     . . .     Faith    .   G - +2 robe {rC+ rF+}
rPois    +         Spirit   .   u - +2 helmet {SInv}
rElec    +         Reflect  +   y - +0 cloak "Gucenkoi" {rC+ Stlth+}
rCorr    .         Harm     .   z - +0 pair of fencer's gloves {Riposte Dex+3}
MR       ++...     Clarity  +   (boots unavailable)
Stlth    +++.......             k - +5 amulet of reflection
HPRegen  0.37/turn              Q - ring of magical power
MPRegen  0.32/turn              V - ring "Yntuecu" {rElec rPois MR+ EV+5}

@: no status effects
A: hooves 3, blurry vision 1, clarity, clever 1, demonic guardian 3, spiny 2,
augmentation 2, sturdy frame 3
}: 2/15 runes: serpentine, barnacled
a: Channel Magic, Forget Spell, Divine Exegesis, Renounce Religion


You were on level 2 of the Depths.
You worshipped Sif Muna.
Sif Muna was greatly pleased with you.
You were hungry.

You visited 9 branches of the dungeon, and saw 41 of its levels.
You also visited: Trove, Gauntlet, Ice Cave and Volcano.

You collected 7125 gold pieces.
You spent 2892 gold pieces at shops.

Inventory:

Hand Weapons
 a - the +9 hand axe "Nuirphoe" (weapon) {pain, rF+}
   (You bought it in a shop on level 12 of the Dungeon)

   In the hands of one skilled in necromantic magic, it inflicts extra damage on
   living creatures.
   It protects you from fire.
 b - the +7 hand crossbow of Xure Mirch {penet, rElec rF++ Int-2 SInv}
   (You found it on level 3 of the Lair of Beasts)

   Ammo fired by it will pass through the targets it hits, potentially hitting
   all targets in its path until it reaches maximum range.
   It affects your intelligence (-2).
   It greatly protects you from fire.
   It insulates you from electricity.
   It lets you see invisible.
 v - the +1 hand axe of Courage {flame, *Slow rPois MR++ MP+9}
   (You found it on level 3 of the Elven Halls)

   It has been specially enchanted to burn those struck by it, causing extra
   injury to most foes and up to half again as much damage against particularly
   susceptible opponents.
   Big, fiery blades are also staple armaments of hydra-hunters.
   It protects you from poison.
   It affects your resistance to hostile enchantments.
   It affects your magic capacity (+9).
   It may slow you when you take damage.
Missiles
 x - 1537 bolts
Armour
 f - the +3 ring mail "Rehoj" {rCorr Str+3 Slay+2 Stlth+}
   (You found it on level 3 of the Elven Halls)

   It affects your strength (+3).
   It affects your accuracy and damage with ranged weapons and melee attacks
   (+2).
   It provides partial protection from all sources of acid and corrosion.
   It makes you more stealthy.
   If you switch to wearing this armour, your AC will increase by 4 (9 -> 13).
 h - a +0 buckler (worn)
 u - a +2 helmet of see invisible (worn)
 y - the +0 cloak "Gucenkoi" (worn) {rC+ Stlth+}
   (You acquired it on level 1 of the Vaults)

   It protects you from cold.
   It makes you more stealthy.
   If you remove this armour, your AC will decrease by 1 (9 -> 8).
 z - the +0 pair of fencer's gloves (worn) {Riposte Dex+3}
   (You acquired it on level 1 of the Vaults)

   It affects your dexterity (+3).
   If you remove this armour, your AC will decrease by 1 (9 -> 8).
 G - a +2 robe of resistance (worn)
Magical Staves
 i - an uncursed staff of energy
Jewellery
 k - a +5 amulet of reflection (around neck)
 r - the ring of Geadics {rPois Dex+8 SInv Stlth-}
   (You took it off a deep elf blademaster on level 3 of the Elven Halls)

   [ring of poison resistance]

   It affects your dexterity (+8).
   It protects you from poison.
   It lets you see invisible.
   It makes you less stealthy.
 B - an uncursed ring of flight
 E - the ring "Hipiof" {rElec MR- AC+5 Int+4}
   (You found it in a Gauntlet)

   [ring of protection]

   It affects your AC (+5).
   It affects your intelligence (+4).
   It insulates you from electricity.
   It affects your resistance to hostile enchantments.
 Q - a ring of magical power (left hand)
 S - an uncursed ring of wizardry
 V - the ring "Yntuecu" (right hand) {rElec rPois MR+ EV+5}
   (You found it on level 3 of the Lair of Beasts)

   [ring of evasion]

   It affects your evasion (+5).
   It insulates you from electricity.
   It protects you from poison.
   It affects your resistance to hostile enchantments.
 X - an uncursed ring of resist corrosion
Wands
 p - a wand of digging (11)
 w - a wand of scattershot (8)
 H - a wand of acid (28)
 K - a wand of paralysis (20)
 M - a wand of clouds (4)
 N - a wand of iceblast (43)
 P - a wand of disintegration (33)
Scrolls
 e - 23 scrolls of remove curse
 g - 4 scrolls of enchant armour
 j - 4 scrolls of magic mapping
 l - 6 scrolls of identify
 q - 10 scrolls of fear
 s - 6 scrolls of blinking
 t - 18 scrolls of teleportation
 L - 2 scrolls of enchant weapon
 O - 3 scrolls of immolation
Potions
 n - 9 potions of brilliance
 o - 2 potions of resistance
 A - 4 potions of might
 C - 13 potions of curing
 F - a potion of haste
 I - 6 potions of heal wounds
 J - 2 potions of magic
 R - 4 potions of cancellation
 U - 2 potions of ambrosia
 W - 2 potions of mutation
Miscellaneous
 d - a lamp of fire
 m - a sack of spiders
 D - a fan of gales
 Y - a phial of floods
 Z - a phantom mirror
Comestibles
 c - 40 rations
 T - 2 chunks of flesh


   Skills:
 + Level 12.0 Fighting
 + Level 11.4 Dodging
 - Level 1.7 Stealth
 - Level 4.0 Shields
 * Level 16.8 Spellcasting
 * Level 18.1 Conjurations
 - Level 5.0 Charms
 - Level 7.0 Summonings
 - Level 5.0 Translocations
 - Level 5.0 Transmutations
 * Level 18.5 Fire Magic
 - Level 6.0 Earth Magic
 - Level 15.0 Invocations
 + Level 12.0 Evocations


You had 9 spell levels left.
You knew the following spells:

 Your Spells              Type           Power        Failure   Level  Hunger
a - Foxfire               Conj/Fire      ####         0%          1    None
b - Sticky Flame          Conj/Fire      #######.     0%          4    None
c - Fireball              Conj/Fire      #######...   1%          5    None
d - Bolt of Magma         Conj/Fire/Erth #######...   1%          5    None
e - Iskenderun's Battles  Conj/Chrm      ######..     1%          5    None
f - Irradiate             Conj/Tmut      ######....   1%          5    None
g - Orb of Destruction    Conj           #######...   1%          7    #####..
h - Starburst             Conj/Fire      #######...   1%          6    ###....
i - Aura of Abjuration    Summ           ######....   3%          5    None
q - Blink                 Tloc           N/A          1%          2    None

Your spell library contained the following spells:

 Spells                   Type           Power        Failure   Level  Hunger
 Magic Dart               Conj           ####         0%          1    None
 Searing Ray              Conj           ######       0%          2    None
 Conjure Flame            Conj/Fire      #######.     0%          3    None
 Apportation              Tloc           #####.       1%          1    None
 Beastly Appendage        Tmut           #####.       1%          1    None
 Infusion                 Chrm           ####         1%          1    None
 Sandblast                Erth           ######       1%          1    None
 Shock                    Conj/Air       ####         1%          1    None
 Summon Butterflies       Summ           ######..     1%          1    None
 Summon Small Mammal      Summ           ####         1%          1    None
 Call Imp                 Summ           ######..     1%          2    None
 Shroud of Golubria       Chrm/Tloc      #####.       1%          2    None
 Song of Slaying          Chrm           #####...     1%          2    None
 Sticks to Snakes         Tmut           #####...     1%          2    None
 Swiftness                Chrm/Air       ####....     1%          2    None
 Call Canine Familiar     Summ           ######..     1%          3    None
 Dazzling Flash           Conj/Hex       ######       1%          3    None
 Gell's Gravitas          Tloc           #####.....   1%          3    None
 Ignite Poison            Fire/Tmut/Pois ######..     1%          3    None
 Inner Flame              Hex/Fire       ######..     1%          3    None
 Lesser Beckoning         Tloc           #####.....   1%          3    None
 Mephitic Cloud           Conj/Pois/Air  ######..     1%          3    None
 Recall                   Summ/Tloc      N/A          1%          3    None
 Static Discharge         Conj/Air       ######..     1%          3    None
 Stone Arrow              Conj/Erth      ######       1%          3    None
 Summon Guardian Golem    Hex/Summ       #####...     1%          3    None
 Teleport Other           Tloc           #####...     1%          3    None
 Fulminant Prism          Conj/Hex       ######....   1%          4    None
 Hailstorm                Conj/Ice       ######..     1%          4    None
 Iskenderun's Mystic Bla  Conj/Tloc      ######..     1%          4    None
 Lightning Bolt           Conj/Air       ######....   1%          5    None
 Animate Skeleton         Necr           N/A          2%          1    None
 Corona                   Hex            ###....      2%          1    None
 Pain                     Necr           ###.         2%          1    None
 Ozocubu's Armour         Chrm/Ice       ####....     2%          3    None
 Portal Projectile        Hex/Tloc       ####..       2%          3    None
 Spectral Weapon          Hex/Chrm       ####....     2%          3    None
 Spider Form              Tmut/Pois      ####......   2%          3    None
 Petrify                  Tmut/Erth      ######..     2%          4    None
 Iron Shot                Conj/Erth      ######....   2%          6    ###....
 Corpse Rot               Necr/Air       N/A          3%          2    None
 Ensorcelled Hibernation  Hex/Ice        ###...       3%          2    None
 Poisonous Vapours        Pois/Air       ###...       3%          2    None
 Slow                     Hex            ###.....     3%          2    None
 Sublimation of Blood     Necr           ###.......   3%          2    None
 Passage of Golubria      Tloc           N/A          3%          4    None
 Summon Demon             Summ           ######....   3%          5    None
 Summon Ice Beast         Ice/Summ       #####...     5%          4    None
 Summon Lightning Spire   Summ/Air       #####...     5%          4    None
 Lee's Rapid Deconstruct  Erth           ######....   5%          5    None
 Summon Forest            Summ/Tloc      ######....   5%          5    None
 Confusing Touch          Hex            ###.....     7%          3    None
 Frozen Ramparts          Ice            ###...       7%          3    None
 Tukima's Dance           Hex            ###.....     7%          3    None
 Leda's Liquefaction      Hex/Erth       #####.....   7%          4    None
 Ignition                 Fire           #######...   8%          8    ######.
 Ice Form                 Ice/Tmut       ####....     9%          4    None
 Blade Hands              Tmut           #####.....   9%          5    None
 Conjure Ball Lightning   Conj/Air       ######....   9%          6    ###....
 Spellforged Servitor     Conj/Summ      ######....   11%         7    #####..
 Summon Mana Viper        Hex/Summ       #####...     16%         5    None
 Ring of Flames           Chrm/Fire      ######....   16%         7    #####..
 Borgnjor's Vile Clutch   Necr/Erth      #####.....   19%         5    None
 Shadow Creatures         Summ           N/A          21%         6    ###....
 Airstrike                Air            ###.......   22%         4    None
 Cause Fear               Hex            ###.......   22%         4    None
 Dispel Undead            Necr           ###.....     22%         4    None
 Alistair's Intoxication  Tmut/Pois      ####....     22%         5    None
 Excruciating Wounds      Chrm/Necr      ####......   22%         5    None
 Yara's Violent Unravell  Hex/Tmut       ####......   22%         5    None
 Freezing Cloud           Conj/Ice/Air   ######....   28%         6    ###....
 Statue Form              Tmut/Erth      ######...    36%         6    ###....
 Dispersal                Tloc           #####.....   41%         6    ###....
 Hydra Form               Tmut           #####.....   41%         6    ###....
 Agony                    Necr           ###.....     54%         5    None
 Metabolic Englaciation   Hex/Ice        ###.......   54%         5    None
 Lehudib's Crystal Spear  Conj/Erth      ######....   71%         8    ######.
 Deflect Missiles         Chrm/Air       ####......   77%         6    ###....
 Eringya's Noxious Bog    Tmut/Pois      ####......   77%         6    ###....
 Fire Storm               Conj/Fire      #######...   77%         9    #######
 Dragon Form              Tmut           #####.....   94%         7    #####..
 Darkness                 Hex            ###.......   98%         6    ###....
 Invisibility             Hex            ###.....     98%         6    ###....
 Ozocubu's Refrigeration  Ice            ###.......   98%         6    ###....
 Simulacrum               Ice/Necr       ###.......   98%         6    ###....
 Chain Lightning          Conj/Air       ######....   98%         8    ######.
 Controlled Blink         Tloc           N/A          100%        8    ######.
 Disjunction              Tloc           #####.....   100%        8    ######.
 Glaciate                 Conj/Ice       ######....   100%        9    #######
 Shatter                  Erth           ######....   100%        9    #######
 Tornado                  Air            ###.......   100%        9    #######


Dungeon Overview and Level Annotations

Branches:
Dungeon (15/15)            Temple (1/1) D:5            Lair (6/6) D:9
 Shoals (4/4) Lair:2        Snake (4/4) Lair:2        Slime (0/5) Lair:5
    Orc (2/2) D:9             Elf (3/3) Orc:2        Vaults (4/5) D:13
  Crypt (0/3) Vaults:2     Depths (2/5) D:15          IceCv (visited)
Volcano (visited)         Gauntlet (visited)

Altars:
Ashenzari
Cheibriados
Dithmenos
Elyvilon
Fedhas
Gozag
Hepliaklqana
Kikubaaqudgha
Makhleb
Nemelex Xobeh
Okawaru
Qazlal
Ru
Sif Muna
Trog
Uskayaw
Vehumet
Wu Jian
Xom
Yredelemnul
Zin
The Shining One
Jiyva

Shops:
D:7 :   D:8 =?(   D:12 [(*   Orc:2 [*=   Elf:1 ?   Shoals:4 *   Snake:2 *
Vaults:2 (   Depths:2 *

Portals:
Hell: Depths:1 Depths:2
Abyss: Depths:1

Annotations:
Vaults:1 3 runed translucent doors, Otoong's ghost, adept GrEE


Innate Abilities, Weirdness & Mutations

You have hooves in place of feet.
A powerful demonic guardian rushes to your aid.
You are mostly covered in sharp spines.
Your magical and physical power is enhanced at high health.
Your movements are significantly less encumbered by armour. (ER -6)
Scrolls take you a little longer to read.
You possess an exceptional clarity of mind.
Your mind is acute. (Int +2)


Message History

The air twists around and strikes you!!
The fire giant gestures at you while chanting.
The bolt of fire hits you! You resist.
* * * LOW HITPOINT WARNING * * *
The spriggan berserker zombie is struck by your spines.
The spriggan berserker zombie hits you.
* * * LOW HITPOINT WARNING * * *
The brown very ugly thing moves out of view.
The two-headed ogre moves out of view.
The vampire knight throws a stone.
The stone completely misses you.
The white ugly thing basks in the mutagenic energy from its kin and changes!
The necromancer casts a spell.
The necromancer flickers and vanishes for a moment.
The white ugly thing tentacle-slaps you!
* * * LOW HITPOINT WARNING * * *
The white ugly thing freezes you! You resist.
* * * LOW HITPOINT WARNING * * *
The spriggan air mage waves its arms in wide circles.
The air twists around and strikes you!!
You die...

÷#
.#.....##########
.# #..#y..## .#
##...u..## .#
##...8..## .#
###...u.## .#
##.yi..## .#
##.....## (#
##§.§..## .#
##..Z@u## .#
##V.Z)O## .#
##.^u.)## .##
##C§.O.# ..##
##..§.)# ...#
##....)# ...#
##..uCOZ ...#
##.pDOD# ...#
#u.§O#


You could see a brown very ugly thing, 2 fire giants, an ice dragon, a vampire
knight, 4 ugly things, a spark wasp, a two-headed ogre, 2 ogre magi, a spriggan
air mage, a necromancer (invisible), an ogre, a spriggan berserker zombie and a
fire giant zombie.

Vanquished Creatures
  Vashnia (Snake:2)
  Nikola (Shoals:2)
  An Ice Fiend (Depths:1)
  6 deep elf blademasters
  2 deep elf master archers (Elf:3)
  Asterion (Snake:4)
  A tengu reaver (Vaults:3)
  2 storm dragons
  Agnes (D:14)
  10 nagarajas
  3 fire giants
  Ilsuiw (Shoals:2)
  2 frost giants
  2 deep elf sorcerers (Elf:3)
  Louise (Shoals:1)
  8 vault wardens
  7 ironheart preservers
  4 very ugly things
  5 deep elf elementalists (Elf:3)
  10 stone giants
  A war gargoyle (Vaults:4)
  An entropy weaver (Vaults:4)
  2 vampire knights
  2 deep elf demonologists
  Nessos (D:13)
  6 deep elf annihilators
  3 spark wasps
  3 merfolk javelineers
  Snorg (D:10)
  5 deep elf death magi
  A crystal guardian (Vaults:4)
  8 merfolk impalers
  3 great orbs of eyes
  7 ettins
  3 deep elf high priests
  3 fire dragons
  11 ogre magi
  2 rakshasas
  Harold (D:8)
  7 ice dragons
  9 yaktaur captains
  3 hydras
  A spriggan air mage (Depths:2)
  17 naga warriors
  4 vault guards
  21 anacondas
  An alligator snapping turtle (Shoals:1)
  4 merfolk avatars
  Erica (D:8)
  8 merfolk aquamancers
  14 centaur warriors
  32 two-headed ogres
  A catoblepas (Lair:4)
  3 death yaks (Lair:6)
  24 dancing weapons
  A tengu warrior (D:12)
  4 deep troll earth magi
  9 satyrs
  A deep troll shaman (Vaults:3)
  Urug (Lair:4)
  The ghost of iroha the Cleaver, a novice OpFi (D:8)
  An orc high priest (Orc:1)
  8 shock serpents
  2 spriggan berserkers (Depths:2)
  3 hell knights (Depths:2)
  A vampire mage (Depths:1)
  Sonja (Lair:2)
  8 naga sharpshooters
  Nergalle (D:10)
  16 deep elf knights
  A sun demon (Volcano)
  A shadow wraith (Vaults:2)
  5 salamander mystics
  10 sea snakes
  A sixfirhy (Gauntlet)
  9 skeletal warriors
  18 deep trolls
  2 unseen horrors
  An unseen horror (shapeshifter) (Depths:1)
  An obsidian statue (Lair:3)
  A swamp dragon (shapeshifter) (Vaults:3)
  11 deep elf archers
  5 necromancers
  A phantasmal warrior (Vaults:4)
  Pikel (D:8)
  15 harpies
  15 ironbrand convokers
  5 naga ritualists
  10 orc knights
  4 wizards
  A lindwurm (shapeshifter) (Vaults:4)
  5 orc sorcerers
  43 ugly things
  5 wolf spiders
  58 deep elf magi
  7 mana vipers
  A human zombie (Vaults:4)
  6 oklob plants
  8 elephants
  A mana viper (shapeshifter) (Depths:2)
  11 salamanders
  13 fauns
  8 cyclopes
  7 manticores
  6 merfolk sirens
  A black mamba (shapeshifter) (D:15)
  A centaur zombie (D:10)
  A guardian serpent (shapeshifter) (Depths:2)
  Joseph (D:7)
  A smoke demon (Depths:1)
  13 vault sentinels
  4 ice statues
  Maurice (D:8)
  30 black mambas
  8 water nymphs
  18 guardian serpents
  3 gargoyles
  19 naga magi
  A torpor snail (Lair:3)
  12 spiny frogs
  4 komodo dragons
  4 kobold demonologists (D:13)
  A yaktaur zombie (Vaults:4)
  4 rime drakes
  50 yaktaurs
  7 ice devils
  A tengu conjurer (D:12)
  A yaktaur (shapeshifter) (Vaults:2)
  A freezing wraith (Depths:1)
  2 red devils (Volcano)
  16 merfolk
  10 trolls
  A merfolk (shapeshifter) (Vaults:2)
  2 wind drakes
  3 meliai (Gauntlet)
  A tyrant leech (shapeshifter) (Depths:1)
  6 polar bears
  9 blink frogs
  A sphinx simulacrum (Vaults:4)
  6 hornets
  33 slime creatures
  A fire giant simulacrum (Vaults:2)
  10 dream sheep
  11 hippogriffs
  6 snapping turtles
  An air elemental (Elf:1)
  A hippogriff (shapeshifter) (Vaults:4)
  Sigmund (D:2)
  2 redbacks (Vaults:4)
  3 spriggans
  13 water elementals
  2 shadows
  58 yaks
  7 wraiths
  2 wyverns
  A vampire (D:11)
  5 fire elementals
  3 hogs (D:14)
  A fire bat (shapeshifter) (Depths:2)
  3 basilisks
  Edmund (D:5)
  7 vampire mosquitoes
  Menkaure (D:5)
  A steam dragon (D:10)
  6 wargs
  2 insubstantial wisps (Lair:5)
  3 soldier ants
  62 nagas
  5 acid dragons
  5 porcupines
  3 hell hounds
  10 water moccasins
  A soldier ant (shapeshifter) (Vaults:2)
  A floating eye (Depths:2)
  5 sky beasts
  25 orc warriors
  3 eyes of draining
  12 ice beasts
  A slave (D:8)
  2 phantoms
  An eye of draining (shapeshifter) (Depths:1)
  28 ogres
  An ogre (shapeshifter) (Vaults:1)
  4 wolves (Lair:5)
  17 boggarts
  A boggart (shapeshifter) (Vaults:4)
  14 centaurs
  16 crocodiles
  5 big kobolds
  Blork the orc (D:5)
  22 bullfrogs
  7 earth elementals
  A wyvern zombie (D:8)
  4 scorpions
  A scorpion (shapeshifter) (Elf:2)
  An orc simulacrum (Vaults:1)
  15 killer bees
  9 wights
  6 howler monkeys
  4 electric eels
  9 crimson imps
  A draconian simulacrum (IceCv)
  2 bullfrog zombies
  7 jellies
  6 hounds
  9 orc priests
  4 centaur skeletons
  5 iguanas
  7 worker ants
  Natasha (thrice) (D:3)
  22 orc wizards
  4 hell rats (Lair:6)
  4 troll simulacra (IceCv)
  A killer bee zombie (D:8)
  2 centaur simulacra (IceCv)
  2 hound skeletons
  9 adders
  4 gnolls (D:6)
  2 naga simulacra (IceCv)
  An ogre simulacrum (IceCv)
  3 shadow imps
  2 ufetubi (Gauntlet)
  An adder zombie (D:6)
  A worm (D:3)
  4 dart slugs
  6 leopard geckos
  69 orcs
  6 giant cockroaches
  5 goblins
  5 hobgoblins
  15 jackals
  9 quokkas
  3 ball pythons
  9 bats
  6 frilled lizards
  20 kobolds
  A leopard gecko skeleton (D:5)
  2 quokka skeletons
  2 rats
  10 bushes
  27 plants
1670 creatures vanquished.

Vanquished Creatures (collateral kills)
  Margery (Depths:2)
  A sphinx (Vaults:3)
  Kirke (D:14)
  3 nagarajas
  A stone giant (Vaults:1)
  An ironheart preserver (Vaults:3)
  A deep elf demonologist (Elf:3)
  A minotaur (Gauntlet)
  A spark wasp (Depths:2)
  A merfolk impaler (Shoals:4)
  2 ogre magi (Orc:2)
  A hydra (Lair:5)
  A naga warrior (Snake:4)
  A merfolk aquamancer (Shoals:1)
  3 death yaks (Lair:6)
  2 anacondas
  4 two-headed ogres
  A shock serpent (Snake:1)
  A skeletal warrior (Vaults:1)
  2 deep trolls
  2 harpies (Shoals:4)
  A naga ritualist (Snake:4)
  2 ironbrand convokers
  An orc knight (Vaults:1)
  A wolf spider (Vaults:1)
  A deep elf mage (Elf:3)
  A worldbinder (Gauntlet)
  2 ugly things (Depths:2)
  A faun (Shoals:4)
  An elephant (Lair:4)
  A cyclops (Vaults:1)
  A vault sentinel (Vaults:1)
  A guardian serpent (Snake:4)
  A salamander (Snake:2)
  A black mamba (Snake:1)
  A naga mage (Snake:2)
  A komodo dragon (Lair:6)
  2 slime creatures (Vaults:1)
  A hippogriff (shapeshifter) (Elf:3)
  A polar bear (Lair:6)
  A blink frog (Lair:1)
  A hippogriff (Lair:5)
  2 wraiths (D:8)
  3 yaks
  2 hogs (D:14)
  A basilisk (D:14)
  2 nagas (Snake:2)
  2 orc warriors
  A boggart (Depths:2)
  7 ogres
  2 wolves (Lair:5)
  An earth elemental (Elf:3)
  A killer bee (D:7)
  3 hell rats (Lair:6)
  2 leopard geckos (D:7)
  5 orcs
  A plant (Shoals:3)
91 creatures vanquished.

Vanquished Creatures (others)
  A deep elf master archer (Elf:3)
  A nagaraja (Snake:4)
  A rakshasa (Vaults:1)
  A yaktaur captain (Vaults:4)
  A deep elf knight (Vaults:4)
  A salamander mystic (Snake:3)
  A deep elf archer (Elf:1)
  A naga mage (Snake:2)
  5 yaktaurs
  2 merfolk
  A slave (D:8)
  A bullfrog (D:8)
  A crimson imp (D:8)
  An orc (D:8)
  A giant cockroach (D:8)
  423 foxfires
  2 fungi (Lair:6)
  70 plants
  6 withered plants (Gauntlet)
521 creatures vanquished.

Grand Total: 2282 creatures vanquished

Notes
Turn   | Place    | Note
-------+----------+-------------------------------------------
     0 | D:1      | DerDa the Demonspawn Fire Elementalist began the quest for
                  | the Orb.
     0 | D:1      | Reached XP level 1. HP: 13/13 MP: 3/3
   141 | D:1      | Gained mutation: You are partially covered in sharp spines.
                  | [demonic ancestry]
   141 | D:1      | Reached XP level 2. HP: 2/19 MP: 0/5
   831 | D:1      | Gained mutation: Your movements are slightly less
                  | encumbered by armour. (ER -2) [demonic ancestry]
   831 | D:1      | Reached XP level 3. HP: 24/24 MP: 1/6
  1223 | D:2      | Found a faded altar of an unknown god.
  1329 | D:2      | Noticed Sigmund
  1375 | D:3      | Found an ornate altar of the Wu Jian Council.
  1519 | D:3      | Gained mutation: You are mostly covered in sharp spines.
                  | [demonic ancestry]
  1519 | D:3      | Reached XP level 4. HP: 28/30 MP: 0/8
  1691 | D:3      | Found a burning altar of Makhleb.
  1815 | D:3      | Noticed Natasha
  1822 | D:3      | Learned a level 4 spell: Sticky Flame
  1826 | D:3      | Gained mutation: You have sharp toenails. [potion of
                  | mutation]
  1826 | D:3      | Gained mutation: You are robust. (+10% HP) [potion of
                  | mutation]
  1826 | D:3      | Gained mutation: You are agile. (Dex +2) [potion of
                  | mutation]
  1829 | D:3      | Killed Natasha
  1829 | D:3      | Lost mutation: You have sharp toenails. [demonic ancestry]
  1829 | D:3      | Gained mutation: You have large cloven feet. [demonic
                  | ancestry]
  1829 | D:3      | Reached XP level 5. HP: 28/38 MP: 0/9
  2148 | D:3      | Found a bloodstained altar of Trog.
  2228 | D:3      | Noticed Natasha
  2236 | D:3      | Killed Natasha
  2675 | D:2      | Killed Sigmund
  2675 | D:2      | Gained mutation: A weak demonic guardian rushes to your
                  | aid. [demonic ancestry]
  2675 | D:2      | Reached XP level 6. HP: 37/45 MP: 0/11
  2841 | D:2      | Found a hazy altar of Hepliaklqana.
  3162 | D:4      | Found a sacrificial altar of Ru.
  3282 | D:4      | Gained mutation: Your movements are less encumbered by
                  | armour. (ER -4) [demonic ancestry]
  3282 | D:4      | Reached XP level 7. HP: 50/50 MP: 7/13
  3291 | D:4      | Learned a level 5 spell: Fireball
  3331 | D:4      | Found a glowing golden altar of the Shining One.
  3389 | D:4      | Reached skill level 5 in Fire Magic
  3564 | D:5      | Entered Level 5 of the Dungeon
  3576 | D:5      | Found a staircase to the Ecumenical Temple.
  3597 | D:5      | Noticed Menkaure
  3601 | D:5      | Killed Menkaure
  3611 | Temple   | Entered the Ecumenical Temple
  3755 | D:5      | Reached skill level 5 in Spellcasting
  3755 | D:5      | Reached skill level 5 in Conjurations
  4018 | D:5      | Gained mutation: Your movements are significantly less
                  | encumbered by armour. (ER -6) [demonic ancestry]
  4018 | D:5      | Reached XP level 8. HP: 56/57 MP: 11/15
  4407 | D:5      | Noticed Blork the orc
  4415 | D:5      | Killed Blork the orc
  4469 | D:5      | Noticed Edmund
  4473 | D:5      | Killed Edmund
  4538 | D:5      | Found a hide-covered altar of Uskayaw.
  4797 | D:3      | Noticed Natasha
  4799 | D:3      | Killed Natasha
  5627 | D:6      | Reached XP level 9. HP: 53/62 MP: 8/18
  6058 | D:7      | Found Hicsiefi's Book Shoppe.
  6058 | D:7      | Noticed Joseph
  6137 | D:7      | Killed Joseph
  6173 | D:7      | Found a shimmering blue altar of Sif Muna.
  6182 | D:7      | Became a worshipper of Sif Muna the Loreminder
  6667 | D:7      | Found an opulent altar of Gozag.
  6668 | D:7      | Found a glowing silver altar of Zin.
  6713 | D:8      | Noticed Erica
  6752 | D:8      | Killed Erica
  6811 | D:8      | Noticed Pikel
  6823 | D:8      | Killed Pikel
  6823 | D:8      | Gained mutation: You have hoof-like feet. [demonic
                  | ancestry]
  6823 | D:8      | Reached XP level 10. HP: 48/69 MP: 2/21
  6959 | D:8      | Noticed Harold
  7310 | D:8      | Killed Harold
  7319 | D:8      | Found a shimmering blue altar of Sif Muna.
  7436 | D:8      | Found Baeludgh's Weapon Shoppe.
  7476 | D:8      | Found Vaesusiz's Jewellery Shop.
  7483 | D:8      | Bought a cursed amulet of inaccuracy for 24 gold pieces
  7483 | D:8      | Bought an uncursed ring of magical power for 240 gold
                  | pieces
  7483 | D:8      | Bought a cursed -3 ring of protection for 24 gold pieces
  7520 | D:8      | Found a runed translucent gate.
  7521 | D:8      | Found a runed translucent gate.
  7522 | D:8      | Found a runed translucent gate.
  7526 | D:8      | Noticed iroha's ghost (novice OpFi)
  7532 | D:8      | Found Pannuv's Magic Scroll Emporium.
  7540 | D:8      | Bought a scroll of noise for 13 gold pieces
  7540 | D:8      | Bought a scroll of random uselessness for 13 gold pieces
  7540 | D:8      | Bought a scroll of magic mapping for 45 gold pieces
  7540 | D:8      | Bought a scroll of identify for 26 gold pieces
  7540 | D:8      | Bought a scroll of identify for 26 gold pieces
  7587 | D:8      | Reached * piety under Sif Muna
  7673 | D:8      | Noticed Maurice
  7676 | D:8      | Killed Maurice
  7969 | D:9      | Found a staircase to the Orcish Mines.
  8257 | D:9      | Found a staircase to the Lair.
  8258 | D:9      | Noticed a fire dragon
  8371 | D:9      | Reached skill level 1 in Invocations
  8591 | D:10     | Entered Level 10 of the Dungeon
  8605 | D:10     | Noticed a gargoyle
  8612 | D:10     | Killed a gargoyle
  8612 | D:10     | Reached ** piety under Sif Muna
  8612 | D:10     | Reached skill level 1 in Fighting
  8617 | D:10     | Reached skill level 1 in Evocations
  8621 | D:10     | Noticed Snorg
  8667 | Orc:1    | Entered Level 1 of the Orcish Mines
  8711 | D:10     | Noticed Nergalle
  9170 | D:10     | Killed Snorg
  9170 | D:10     | Reached XP level 11. HP: 35/79 MP: 11/24
  9582 | D:10     | Killed Nergalle
  9677 | D:8      | Bought an uncursed ring of see invisible for 180 gold
                  | pieces
  9932 | D:11     | Reached skill level 10 in Conjurations
  9938 | D:11     | Noticed a five-headed hydra
  9954 | D:11     | Killed a five-headed hydra
 10043 | D:11     | Reached *** piety under Sif Muna
 10509 | D:11     | Found a viscous altar of Jiyva.
 11138 | D:11     | Learned a level 5 spell: Bolt of Magma
 11451 | D:9      | Learned a level 5 spell: Iskenderun's Battlesphere
 11860 | D:9      | Killed a fire dragon
 11977 | Lair:1   | Entered Level 1 of the Lair of Beasts
 11983 | Lair:1   | Reached skill level 1 in Charms
 12150 | Lair:1   | Reached skill level 10 in Fire Magic
 12257 | Lair:1   | Reached XP level 12. HP: 62/89 MP: 2/25
 12554 | Lair:1   | Reached skill level 10 in Spellcasting
 12837 | Lair:2   | Noticed Sonja
 12841 | Lair:2   | Killed Sonja
 12841 | Lair:2   | Reached skill level 5 in Invocations
 12991 | Lair:2   | Found a staircase to the Snake Pit.
 13135 | Lair:2   | Reached **** piety under Sif Muna
 13221 | Lair:2   | Found a staircase to the Shoals.
 13713 | Lair:3   | Found a dark tunnel.
 13767 | Volcano  | Entered a volcano
 14343 | Volcano  | Gained mutation: You have hooves in place of feet. [demonic
                  | ancestry]
 14343 | Volcano  | Reached XP level 13. HP: 96/96 MP: 27/27
 15241 | Lair:3   | Got a crystal hand crossbow
 15241 | Lair:3   | Identified the +7 hand crossbow of Xure Mirch {penet, rElec
                  | rF++ Int-2 SInv} (You found it on level 3 of the Lair of
                  | Beasts)
 15612 | Lair:4   | Found a gate leading to a gauntlet.
 15629 | Gauntlet | Entered a Gauntlet
 15629 | Gauntlet | Found a transporter.
 15629 | Gauntlet | Found a transporter.
 15629 | Gauntlet | Noticed a death ooze
 15630 | Gauntlet | Found a transporter.
 15630 | Gauntlet | Found a transporter.
 15633 | Gauntlet | Found a transporter.
 15633 | Gauntlet | Found a transporter.
 15643 | Gauntlet | Found a transporter.
 15647 | Gauntlet | Found a transporter.
 15657 | Gauntlet | Found a transporter.
 15758 | Gauntlet | Found a transporter.
 15762 | Gauntlet | Found a transporter.
 15774 | Gauntlet | Found a transporter.
 15850 | Gauntlet | Noticed an ironheart preserver
 15975 | Gauntlet | Gained mutation: A demonic guardian rushes to your aid.
                  | [demonic ancestry]
 15975 | Gauntlet | Reached XP level 14. HP: 90/105 MP: 28/28
 15985 | Gauntlet | Got a heavily runed gossamer ring
 15992 | Gauntlet | Identified the ring "Hipiof" {rElec MR- AC+5 Int+4} (You
                  | found it in a Gauntlet)
 16196 | Lair:4   | Found a blossoming altar of Fedhas.
 16300 | Lair:4   | Noticed Urug
 16310 | Lair:4   | Killed Urug
 17186 | Lair:5   | Reached skill level 5 in Charms
 17203 | Lair:5   | Reached skill level 5 in Dodging
 17491 | Lair:5   | Found a viscous altar of Jiyva.
 17491 | Lair:5   | Found a staircase to the Slime Pits.
 17575 | Lair:6   | Entered Level 6 of the Lair of Beasts
 17696 | Lair:6   | Reached skill level 5 in Evocations
 17700 | Lair:6   | Reached ***** piety under Sif Muna
 17704 | Lair:6   | Reached skill level 5 in Fighting
 17710 | Lair:6   | Received a gift from Sif Muna
 18463 | Lair:6   | Got an iridescent rapier
 18692 | Lair:6   | Identified the +5 rapier "Toweenn" {vorpal, rN++ Str-5}
                  | (You found it on level 6 of the Lair of Beasts)
 19119 | Orc:2    | Entered Level 2 of the Orcish Mines
 19478 | Orc:1    | Found a bloodstained altar of Trog.
 19691 | Orc:2    | Found a staircase to the Elven Halls.
 19915 | Orc:1    | Identified Suilib's Reference Book on Attacks (Sif Muna
                  | gifted it to you on level 1 of the Orcish Mines)
 19915 | Orc:1    | Received a gift from Sif Muna
 19927 | Orc:1    | Reached XP level 15. HP: 66/115 MP: 4/30
 20363 | Orc:2    | Found Ahauz's Jewellery Shop.
 20364 | Orc:2    | Found Ziontoz's General Store.
 20569 | Orc:2    | Found Xywebeg's Armour Shoppe.
 20580 | Orc:2    | Bought a scroll of identify for 32 gold pieces
 20580 | Orc:2    | Bought a scroll of identify for 32 gold pieces
 20580 | Orc:2    | Bought a scroll of identify for 32 gold pieces
 20587 | Orc:2    | Found Warhuotz's Antique Armour Boutique.
 20604 | Orc:2    | Bought a ripped robe for 199 gold pieces
 20604 | Orc:2    | Bought a shimmering ring mail for 315 gold pieces
 20688 | Orc:2    | Identified the cursed +1 robe of Somewhere Else {rF+} (You
                  | bought it in a shop on level 2 of the Orcish Mines)
 20758 | Orc:2    | Identified the +4 ring mail "Guroad" {rPois Dex+2} (You
                  | bought it in a shop on level 2 of the Orcish Mines)
 20988 | D:12     | Found Meust's Antique Weapon Boutique.
 21027 | D:12     | Found Gabaash's Armour Shop.
 21035 | D:12     | Found Joajel's General Store.
 21051 | D:12     | Bought a +2 robe of resistance for 527 gold pieces
 21059 | D:12     | Bought a translucent mace for 192 gold pieces
 21059 | D:12     | Bought an ichor-stained hand axe for 192 gold pieces
 21059 | D:12     | Identified the +4 mace of a Thousand Songs {freeze, *Noise
                  | rN++} (You bought it in a shop on level 12 of the Dungeon)
 21061 | D:12     | Identified the +9 hand axe "Nuirphoe" {pain, rF+} (You
                  | bought it in a shop on level 12 of the Dungeon)
 21119 | D:12     | Identified Sif Muna's Almanac of the Lucky Entourage (Sif
                  | Muna gifted it to you on level 12 of the Dungeon)
 21119 | D:12     | Received a gift from Sif Muna
 21355 | D:13     | Noticed Nessos
 21359 | D:13     | Killed Nessos
 22142 | D:13     | Got a distressingly furry ring mail
 22152 | D:13     | Identified the cursed +0 ring mail "Qunecsism" {Dex+3} (You
                  | found it on level 13 of the Dungeon)
 22777 | D:13     | Found a gate to the Vaults.
 22883 | D:14     | Reached skill level 1 in Shields
 23035 | D:14     | Noticed Agnes
 23041 | D:14     | Killed Agnes
 23058 | D:14     | Noticed Kirke
 23065 | D:14     | Killed Kirke
 23171 | D:14     | Found a frozen archway.
 23173 | D:14     | Reached XP level 16. HP: 108/126 MP: 28/32
 23234 | IceCv    | Entered an ice cave
 23506 | IceCv    | Identified Jurud's Collected Works on Poisonous Beguiling
                  | (Sif Muna gifted it to you in an ice cave)
 23506 | IceCv    | Received a gift from Sif Muna
 24277 | D:14     | Found a basalt altar of Yredelemnul.
 24554 | D:15     | Entered Level 15 of the Dungeon
 25166 | D:15     | Found a staircase to the Depths.
 25748 | Shoals:1 | Entered Level 1 of the Shoals
 25755 | Shoals:1 | Learned a level 5 spell: Irradiate
 25763 | Shoals:1 | Learned a level 7 spell: Orb of Destruction
 25995 | Shoals:1 | Noticed Louise
 26004 | Shoals:1 | Killed Louise
 26690 | Shoals:2 | Noticed Ilsuiw
 27229 | Shoals:2 | Noticed Nikola
 27239 | Shoals:2 | Killed Nikola
 27239 | Shoals:2 | Reached skill level 1 in Earth Magic
 27678 | Shoals:2 | Killed Ilsuiw
 28794 | Shoals:3 | Identified Sif Muna's Guide on Burning Conjuration (Sif
                  | Muna gifted it to you on level 3 of the Shoals)
 28794 | Shoals:3 | Received a gift from Sif Muna
 28805 | Shoals:3 | Learned a level 6 spell: Starburst
 28808 | Shoals:3 | Learned a level 2 spell: Blink
 29035 | Shoals:4 | Entered Level 4 of the Shoals
 29121 | Shoals:4 | Reached skill level 1 in Translocations
 29334 | Shoals:4 | Reached XP level 17. HP: 134/134 MP: 4/34
 29455 | Shoals:4 | Reached skill level 1 in Transmutations
 30531 | Shoals:4 | Got a barnacled rune of Zot
 30647 | Shoals:4 | Identified the Collected Works on Enthralling Poisoning
 30853 | Shoals:4 | Found Weamem's Whimsical Warehouse.
 30955 | Shoals:4 | Bought an uncursed staff of wizardry for 475 gold pieces
 31493 | Lair:3   | Got a shimmering steel ring
 31622 | Lair:6   | Identified the ring "Yntuecu" {rElec rPois MR+ EV+5} (You
                  | found it on level 3 of the Lair of Beasts)
 31835 | D:8      | Killed iroha's ghost
 31995 | Snake:1  | Entered Level 1 of the Snake Pit
 34031 | Snake:2  | Reached skill level 5 in Earth Magic
 34890 | Snake:2  | Gained mutation: Your magical and physical power is
                  | slightly enhanced at high health. [demonic ancestry]
 34890 | Snake:2  | Reached XP level 18. HP: 117/143 MP: 5/35
 35779 | Snake:2  | Noticed Vashnia
 35827 | Snake:2  | Killed Vashnia
 36359 | Snake:2  | Found Lomyzo Omuo's Assorted Antiques.
 36367 | Snake:2  | Bought a potion of heal wounds for 145 gold pieces
 37176 | Snake:3  | Reached skill level 5 in Translocations
 37185 | Snake:3  | Found a bloodstained altar of Trog.
 38051 | Snake:4  | Entered Level 4 of the Snake Pit
 38842 | Snake:4  | Noticed Asterion
 38850 | Snake:4  | Killed Asterion
 38850 | Snake:4  | Reached skill level 15 in Conjurations
 39015 | Snake:4  | Identified Sif Muna's Tome of the Earthen Snowflakes (Sif
                  | Muna gifted it to you on level 4 of the Snake Pit)
 39015 | Snake:4  | Received a gift from Sif Muna
 39623 | Snake:4  | Reached skill level 15 in Fire Magic
 39662 | Snake:4  | Reached XP level 19. HP: 64/151 MP: 7/37
 40542 | Snake:4  | Got a serpentine rune of Zot
 40846 | Vaults:1 | Entered Level 1 of the Vaults
 40891 | Vaults:1 | Paralysed by a great orb of eyes for 4 turns
 41035 | Vaults:1 | Reached skill level 15 in Invocations
 41737 | Vaults:1 | Reached skill level 5 in Transmutations
 41741 | Vaults:1 | Received a gift from Sif Muna
 42017 | Vaults:1 | Found a runed translucent gate.
 42017 | Vaults:1 | Found a runed translucent gate.
 42018 | Vaults:1 | Found a runed translucent gate.
 42021 | Vaults:1 | Noticed Otoong's ghost (adept GrEE)
 42076 | Vaults:1 | Learned a level 5 spell: Aura of Abjuration
 42391 | Vaults:1 | Reached skill level 1 in Summonings
 42716 | Vaults:1 | Found a portal to a secret trove of treasure.
 43084 | Vaults:1 | You paid a toll of 7 potions of haste to enter a treasure
                  | trove
 43085 | Trove    | Entered a treasure trove
 43088 | Trove    | Found the +9 staff of Olgreb {rPois∞}
 43119 | Trove    | Identified Joliyg's Guide on Sinister Arts and Changing
 43170 | Trove    | Identified Sif Muna's Catalogue of Dislocated Sinister
                  | Rituals
 43185 | Vaults:1 | Identified 2 scrolls of acquirement
 43196 | Vaults:1 | Identified the +0 cloak "Gucenkoi" {rC+ Stlth+} (You
                  | acquired it on level 1 of the Vaults)
 43196 | Vaults:1 | Identified the amulet of Jyonaug {Acrobat Str+8 Slay+2}
                  | (You acquired it on level 1 of the Vaults)
 43198 | Vaults:1 | Found the +0 pair of fencer's gloves {Riposte Dex+3}
 43376 | Vaults:2 | Reached skill level 10 in Evocations
 44003 | Vaults:2 | Found a staircase to the Crypt.
 44003 | Vaults:2 | Found an ancient bone altar of Kikubaaqudgha.
 44004 | Vaults:2 | Found a basalt altar of Yredelemnul.
 44043 | Vaults:2 | Gained mutation: Your magical and physical power is
                  | enhanced at high health. [demonic ancestry]
 44043 | Vaults:2 | Reached XP level 20. HP: 135/161 MP: 13/38
 44045 | Vaults:2 | Reached skill level 10 in Fighting
 44400 | Vaults:2 | Found Etui's Weapon Emporium.
 45359 | Vaults:2 | Upgraded the game from 0.25-a0-566-g062765be81 to
                  | 0.25-a0-571-gb5e01bddfa
 45393 | Vaults:2 | Received a gift from Sif Muna
 45900 | Vaults:3 | Reached skill level 15 in Spellcasting
 46907 | Vaults:3 | Reached skill level 5 in Summonings
 48006 | Vaults:4 | Reached skill level 10 in Dodging
 48334 | Vaults:4 | Received a gift from Sif Muna
 48509 | Vaults:4 | Found a radiant altar of Vehumet.
 48956 | Vaults:4 | Gained mutation: A powerful demonic guardian rushes to your
                  | aid. [demonic ancestry]
 48956 | Vaults:4 | Reached XP level 21. HP: 97/169 MP: 6/40
 49963 | Elf:1    | Entered Level 1 of the Elven Halls
 49982 | Elf:1    | Found a radiant altar of Vehumet.
 50751 | Elf:1    | Gained mutation: You are occasionally teleported next to
                  | monsters. [a neqoxec]
 50753 | Elf:1    | Lost mutation: You are agile. (Dex +2) [potion of mutation]
 50753 | Elf:1    | Lost mutation: You are robust. (+10% HP) [potion of
                  | mutation]
 50753 | Elf:1    | Gained mutation: You are frail. (-10% HP) [potion of
                  | mutation]
 50753 | Elf:1    | Gained mutation: Scrolls take you a little longer to read.
                  | [potion of mutation]
 50753 | Elf:1    | Gained mutation: Your muscles are strong. (Str +2) [potion
                  | of mutation]
 50754 | Elf:1    | Lost mutation: You are occasionally teleported next to
                  | monsters. [potion of mutation]
 50754 | Elf:1    | Lost mutation: Your muscles are strong. (Str +2) [potion of
                  | mutation]
 50754 | Elf:1    | Lost mutation: You are frail. (-10% HP) [potion of
                  | mutation]
 50754 | Elf:1    | Gained mutation: Your mind is acute. (Int +2) [potion of
                  | mutation]
 50754 | Elf:1    | Gained mutation: You possess an exceptional clarity of
                  | mind. [potion of mutation]
 51413 | Elf:1    | You fall into a shaft and drop 1 floor!
 51764 | Elf:2    | Identified Aluireg's Almanac of the Lucky Compass (Sif Muna
                  | gifted it to you on level 2 of the Elven Halls)
 51764 | Elf:2    | Received a gift from Sif Muna
 52045 | Elf:2    | Found a runed translucent gate.
 52045 | Elf:2    | Found a runed translucent gate.
 52046 | Elf:2    | Found a runed translucent gate.
 52494 | Elf:1    | Found Nienuq's Magic Scroll Boutique.
 53052 | Elf:3    | Entered Level 3 of the Elven Halls
 53256 | Elf:3    | Identified the ring of Xeanuxer {Ice *Drain rN+ Stlth+}
                  | (You acquired it on level 3 of the Elven Halls)
 53518 | Elf:3    | HP: 4/156 [deep elf master archer/arrow (27)]
 54012 | Elf:3    | Identified the cursed +0 robe of Prudence {rF+ Dex+2}
 54026 | Elf:3    | Identified Sif Muna's Disquisition on Attacks (Sif Muna
                  | gifted it to you on level 3 of the Elven Halls)
 54026 | Elf:3    | Received a gift from Sif Muna
 54330 | Elf:3    | Identified the ring of Geadics {rPois Dex+8 SInv Stlth-}
 54346 | Elf:3    | Reached XP level 22. HP: 61/163 MP: 5/42
 54644 | Elf:3    | Identified the +2 great mace of Errul {vorpal, rF- rC+
                  | Str-2 Int+8}
 55290 | Elf:3    | Got a twisted hand axe
 55291 | Elf:3    | Identified the +1 hand axe of Courage {flame, *Slow rPois
                  | MR++ MP+9} (You found it on level 3 of the Elven Halls)
 55348 | Elf:3    | Got a fine ring mail
 55358 | Elf:3    | Identified the +3 ring mail "Rehoj" {rCorr Str+3 Slay+2
                  | Stlth+} (You found it on level 3 of the Elven Halls)
 55360 | Elf:3    | Found the +8 glaive of the Guard {elec, +Rage AC+5 SInv}
 55362 | Elf:3    | Identified the Grimoire of Flight and Fire
 55735 | Depths:1 | Entered Level 1 of the Depths
 56808 | Depths:1 | Found a one-way gate to the infinite horrors of the Abyss.
 56831 | Depths:1 | Found a gateway to Hell.
 57106 | Depths:1 | Received a gift from Sif Muna
 57537 | Depths:1 | Identified the +3 short sword "Sama" {vamp, rF+ Stlth+}
                  | (You found it on level 1 of the Depths)
 57552 | Depths:1 | Upgraded the game from 0.25-a0-571-gb5e01bddfa to
                  | 0.25-a0-576-g50b708a4c4
 57579 | Depths:2 | Noticed Margery
 58114 | Depths:2 | Identified the amulet "Osumecli" {+Rage Str+2 Dex-5 Slay+3}
                  | (You acquired it on level 2 of the Depths)
 58158 | Depths:2 | Killed Margery
 58204 | Depths:2 | Found Bukukk's Changing Room.
 58217 | Depths:2 | Bought a potion of mutation for 160 gold pieces
 58391 | Depths:2 | Identified the +5 hand axe "Grum" {protect, rF+ Stlth+}
 58392 | Depths:2 | Paralysed by a floating eye for 4 turns
 58400 | Depths:2 | Killed from afar by a spriggan air mage

Levels and vault maps discovered:
D:1:      minmay_arrival_split_and_join, layout_rooms
D:2:      layout_rooms, marbit_many_paths,
          chequers_ecumenical_altar_simple_redux,
          corexii_item_surrounded_by_moat, serial_bayou_pond_b, uniq_sigmund
D:3:      layout_loops_ring, lemuel_crystal_altar, makhleb_heckhound_becter,
          lemuel_doored_altar, first_ration, serial_bayou_lake_a, uniq_natasha
D:4:      layout_rooms, tso_oasis_becter, hangedman_ru_absence
D:5:      layout_loops_corners, lemuel_coloured_pillars_altar, temple_pool_b,
          uniq_edmund, uniq_blork_the_orc, uniq_menkaure
D:6:      layout_gridville
D:7:      layout_rooms, grunt_temple_overflow_gold_and_silver,
          old_standard_altar, serial_shops, nicolae_shop_crystal, hex_medium,
          the_bakery, uniq_joseph
D:8:      layout_rooms, gammafunk_ghost_spectres, basic_altar, serial_bayou,
          serial_bayou_lagoon_a, serial_bayou_ford_a, serial_bayou_pond_a,
          serial_bayou_pond_a, serial_shops, shop, nicolae_shop_trees,
          kennysheep_mini_moat, uniq_maurice, uniq_pikel, uniq_harold,
          uniq_erica
D:9:      layout_layer_cave, minmay_lair_entry_lava, orc_0_dummy,
          grunt_decor_fettered
D:10:     layout_long_grid, glass_columns_c, uniq_nergalle, uniq_snorg
D:11:     layout_layer_cave, jiyva_altar_1
D:12:     layout_basic, serial_shops, shop, shop, shop
D:13:     minmay_tri_box, layout_long_grid, david_vaults_4, uniq_nessos
D:14:     layout_irregular_city, yredelemnul_altar_generic,
          portal_ice_cave_entry_ice_beasts, uniq_kirke, uniq_agnes
D:15:     hangedman_depths_entry_civil_slaughter, layout_irregular_city,
          serial_bayou_shore_b
Temple:   nicolae_temple_hex_pool
Lair:1:   layout_cave_pods, lemuel_fruit_tree
Lair:2:   layout_cave_shapes, elwin_shoals_entry_rocks,
          guppyfry_snake_entry_island, grunt_megastairs_3, uniq_sonja
Lair:3:   statuecave_lemuel, layout_regular_city,
          nicolae_volcano_entry_lava_flow, minmay_lair_oklob_bushes
Lair:4:   layout_cave_pods, gauntlet_entry_generic, lookout_lair_type,
          tgw_fedhas, uniq_urug
Lair:5:   layout_cave_shapes, dpeg_slime_entry_enclosed_altar, pond,
          grunt_megastairs_1
Lair:6:   gammafunk_lair_ancient_temple, layout_loops_ring, st_stairs_6,
          serial_bayou_shore_b, infiniplex_staircase_pool_2,
          serial_bayou_shore_b
Shoals:1: layout_shoals, nicolae_shoals_water_shrine, uniq_louise
Shoals:2: layout_shoals, yaktaur_hedge, uniq_nikola, uniq_ilsuiw
Shoals:3: layout_shoals
Shoals:4: shoals_end_grunt_garden, layout_shoals, shoals_ilsuiw_alternative,
          nicolae_alphabet_shops
Snake:1:  dpeg_oklob_gauntlet, layout_rooms, nrook_guardian_serpent_ordinary
Snake:2:  layout_onion, serial_shops, shop_fountains, serial_bayou_pond_e,
          uniq_vashnia
Snake:3:  layout_gridlike, lemuel_oklob_altar
Snake:4:  grunt_snake_rune_serpentine_throne, layout_misc_corridors,
          uniq_asterion
Orc:1:    layout_diamond_mine, trog_book
Orc:2:    st_orc_open, layout_diamond_mine
Elf:1:    eino_elf_arrival_altar, layout_geoelf_diagonals, serial_shops,
          nicolae_shop_temple_entry_statues_fountains, hangedman_corner_corridor
Elf:2:    layout_gridlike
Elf:3:    minmay_elf_hall, layout_geoelf_octagon
Vaults:1: gammafunk_vaults_ghost_tricky_traps, vaults_room_octagon,
          vaults_mumra_minichess, nicolae_vaults_minivaults,
          nicolae_vaults_what_the_h, ontoclasm_vaults_claustrophobia, v_misc_18,
          nicolae_vaults_mini_display_case, v_misc_31, v_misc_12, v_misc_14,
          nicolae_vaults_little_ls, ontoclasm_vaults_fault,
          layout_vaults_omnibox, nicolae_trove_entry_crystal
Vaults:2: nicolae_vaults_network_square, nicolae_vaults_windows_and_doors_thing,
          minmay_crypt_entry_necro_gods, nicolae_vaults_angled_halls, v_misc_23,
          hangedman_vaults_nails, nicolae_vaults_triangles, grunt_vaults_focal,
          nicolae_vaults_little_squares_1, nicolae_vaults_gold_heap,
          vaults_room_pools, dpeg_vaults_monster_box, v_misc_22,
          layout_vaults_maze_snakey
Vaults:3: vaults_mumra_chevron, v_misc_23, dpeg_vaults_waves,
          vaults_dpeg_encased_lava, hangedman_vaults_stitches, vaults_mumra_hex,
          layout_vaults_chaotic_city
Vaults:4: v_rooms_3, hangedman_vaults_river_flow, v_misc_1, st_more_cells,
          hangedman_vaults_restitches, grunt_vaults_twisty,
          nicolae_vaults_little_squares_6, v_misc_3, vaults_mumra_chevron_long,
          nicolae_vaults_angled_halls, ontoclasm_vaults_twist,
          ontoclasm_vaults_ligature, layout_vaults_omnicross, basic_altar
Depths:1: layout_gridlike, hellmouth_1, abyss_entry_small_statue_room,
          roderic_nine_men_s_morris, ice2_lemuel
Depths:2: grunt_twisty_corner, layout_twisted_cross, minmay_misc_feat_diagonals,
          grunt_metal_band, abyss_entry, hangedman_decor_growths,
          minmay_misc_feat_rugged, nrook_uturn, nicolae_transmutations_shop

Skill      XL: |  1  2  3  4  5  6  7  8  9 10 11 12 13 14 15 16 17 18 19 20 21 22 |
---------------+-------------------------------------------------------------------+-----
Fire Magic     | 3 4 5 6 8 9 10 11 12 13 15 16 17 18 | 18.5
Conjurations   | 2 3 4 5 6 8 9 10 11 12 13 14 15 16 17 18 | 18.1
Spellcasting   | 3 4 5 6 7 9 10 11 12 13 14 15 16 | 16.8
Dodging        | 2 3 4 5 6 7 8 9 10 11 | 11.4
Invocations    | 2 4 11 12 13 14 15 | 15.0
Fighting       | 1 3 4 5 7 8 9 10 11 12 | 12.0
Evocations     | 1 3 4 6 7 8 9 10 11 12 | 12.0
Charms         | 1 3 4 5 |  5.0
Shields        | 1 4 |  4.0
Earth Magic    | 3 5 6 |  6.0
Translocations | 1 4 5 |  5.0
Transmutations | 2 4 5 |  5.0
Summonings     | 3 6 7 |  7.0
Stealth        | |  1.7

Action                   |  1- 3 |  4- 6 |  7- 9 | 10-12 | 13-15 | 16-18 | 19-21 | 22-24 || total
-------------------------+-------+-------+-------+-------+-------+-------+-------+-------++-------
Melee: Unarmed           |     2 |       |       |       |       |       |       |       ||     2
       Club              |     8 |     2 |       |       |       |       |       |       ||    10
       Dagger            |     5 |     5 |       |       |       |       |       |       ||    10
       Long sword        |       |    10 |    17 |       |   134 |       |       |       ||   161
       Kick              |       |     3 |    16 |     7 |    74 |    46 |    61 |    10 ||   217
       Falchion          |       |       |    15 |    36 |       |       |       |       ||    51
       Spear             |       |       |       |   162 |    40 |       |       |       ||   202
       Battleaxe         |       |       |       |    22 |     1 |       |       |       ||    23
       Broad axe         |       |       |       |       |    10 |       |       |       ||    10
       Hand axe          |       |       |       |       |    60 |   162 |   166 |    34 ||   422
 Fire: Hand crossbow     |       |       |       |       |       |    27 |       |       ||    27
 Cast: Foxfire           |    76 |    41 |    76 |    53 |     6 |     5 |     1 |       ||   258
       Sticky Flame      |       |     4 |    37 |    63 |    91 |   107 |    80 |    11 ||   393
       Fireball          |       |       |     3 |    63 |   190 |   343 |   247 |    87 ||   933
       Bolt of Magma     |       |       |       |    17 |    47 |   188 |   194 |    49 ||   495
       Iskenderun's Batt |       |       |       |     4 |     7 |    28 |    33 |       ||    72
       Orb of Destructio |       |       |       |       |       |    18 |    40 |    16 ||    74
       Starburst         |       |       |       |       |       |    12 |    13 |    12 ||    37
       Irradiate         |       |       |       |       |       |     3 |     6 |     1 ||    10
       Aura of Abjuratio |       |       |       |       |       |       |     3 |     1 ||     4
Invok: Channel Magic     |       |       |       |     2 |    10 |    28 |    25 |     9 ||    74
 Abil: Evoke Flight      |       |       |       |       |       |       |       |     1 ||     1
Evoke: Wand              |       |       |       |     2 |       |     1 |       |       ||     3
       Phial of floods   |       |       |       |       |       |     1 |       |       ||     1
  Use: Potion            |       |     2 |     3 |     1 |     3 |     4 |     3 |     3 ||    19
       Scroll            |       |     4 |     1 |     9 |    13 |     9 |     8 |     3 ||    47
 Stab: Sleeping          |       |     1 |       |     2 |       |       |       |     1 ||     4
       Distracted        |       |       |       |     2 |       |       |     1 |       ||     3
  Eat: Chunk             |     2 |     8 |    13 |    36 |    48 |    57 |    77 |    14 ||   255
       Ration            |       |       |     1 |     4 |     3 |    17 |     4 |     2 ||    31
Armor: Robe              |    12 |     6 |     2 |    36 |     9 |    73 |    30 |     3 ||   171
       Leather armour    |       |       |     8 |       |       |       |       |       ||     8
       Troll leather arm |       |       |       |    18 |   105 |       |       |       ||   123
       Ring mail         |       |       |       |       |       |       |       |     4 ||     4
Dodge: Dodged            |    28 |    16 |    39 |   170 |   280 |   309 |   282 |    73 ||  1197
Block: Other             |       |     6 |    17 |    13 |       |       |       |       ||    36
       Reflection        |       |       |     1 |     1 |       |    45 |    50 |     7 ||   104
       Buckler           |       |       |       |       |       |   176 |   172 |    45 ||   393
       Rpst.: Long sword |       |     4 |     6 |       |    38 |       |       |       ||    48
       Falchion          |       |       |     2 |    10 |       |       |       |       ||    12
       Hand axe          |       |       |       |       |       |       |    29 |     8 ||    37
       Hand crossbow     |       |       |       |       |       |       |     1 |       ||     1

Table legend:
 A = Non-vault XP
 B = Vault XP
 C = Vault XP percentage of total XP
 D = Non-vault monster count
 E = Vault monster count
 F = Vault count percentage of total count
                 A         B        C        D         E       F
            +---------+---------+-------+---------+---------+-------
      Total |  428615 |  361145 |  45.7 |    1185 |     551 |  31.7
            +---------+---------+-------+---------+---------+-------
        D:1 |      44 |       0 |   0.0 |      21 |       0 |   0.0
        D:2 |      40 |     230 |  85.2 |      17 |       7 |  29.2
        D:3 |     444 |      77 |  14.8 |      27 |       2 |   6.9
        D:4 |     471 |       0 |   0.0 |      16 |       0 |   0.0
        D:5 |     406 |     452 |  52.7 |      19 |       3 |  13.6
        D:6 |    1067 |       0 |   0.0 |      24 |       0 |   0.0
        D:7 |     345 |     647 |  65.2 |       9 |       2 |  18.2
        D:8 |    1276 |    4686 |  78.6 |      24 |      10 |  29.4
        D:9 |    1050 |     942 |  47.3 |      24 |       1 |   4.0
       D:10 |    1979 |    1890 |  48.8 |      25 |       2 |   7.4
       D:11 |    4211 |     329 |   7.2 |      31 |       4 |  11.4
       D:12 |    5110 |       0 |   0.0 |      35 |       0 |   0.0
       D:13 |   11195 |    7454 |  40.0 |      51 |      10 |  16.4
       D:14 |    9350 |    5558 |  37.3 |      32 |      15 |  31.9
       D:15 |    4778 |    4274 |  47.2 |      15 |       5 |  25.0
     Lair:1 |    4516 |       0 |   0.0 |      25 |       0 |   0.0
     Lair:2 |    3133 |    2082 |  39.9 |      17 |       7 |  29.2
     Lair:3 |    2087 |    1272 |  37.9 |      11 |       2 |  15.4
     Lair:4 |    7900 |    2265 |  22.3 |      24 |       3 |  11.1
     Lair:5 |    3427 |    1273 |  27.1 |      17 |       8 |  32.0
     Lair:6 |   12076 |    8604 |  41.6 |      43 |      24 |  35.8
   Shoals:1 |    4562 |    5849 |  56.2 |       8 |      10 |  55.6
   Shoals:2 |    5300 |    9121 |  63.2 |      11 |       8 |  42.1
   Shoals:3 |   10917 |     751 |   6.4 |      23 |       1 |   4.2
   Shoals:4 |   15157 |   28106 |  65.0 |      31 |      41 |  56.9
    Snake:1 |   19939 |    2592 |  11.5 |      37 |       5 |  11.9
    Snake:2 |   29191 |    7153 |  19.7 |      51 |       4 |   7.3
    Snake:3 |   23916 |     557 |   2.3 |      48 |       1 |   2.0
    Snake:4 |   14177 |   46426 |  76.6 |      30 |      65 |  68.4
      Orc:1 |    4903 |       0 |   0.0 |      49 |       0 |   0.0
      Orc:2 |    4177 |   14654 |  77.8 |      26 |      37 |  58.7
      Elf:1 |   17196 |    8963 |  34.3 |      30 |      15 |  33.3
      Elf:2 |    5072 |   25714 |  83.5 |      12 |      31 |  72.1
      Elf:3 |   15391 |   44822 |  74.4 |      29 |      27 |  48.2
   Vaults:1 |   33428 |   28712 |  46.2 |      60 |      49 |  45.0
   Vaults:2 |   18157 |   16824 |  48.1 |      28 |      28 |  50.0
   Vaults:3 |   19640 |   19900 |  50.3 |      35 |      25 |  41.7
   Vaults:4 |   42515 |   25661 |  37.6 |      63 |      30 |  32.3
   Depths:1 |   43381 |   11023 |  20.3 |      66 |      21 |  24.1
   Depths:2 |   26691 |   13337 |  33.3 |      41 |      16 |  28.1
      IceCv |       0 |    3566 | 100.0 |       0 |      18 | 100.0
    Volcano |       0 |    2129 | 100.0 |       0 |       5 | 100.0
   Gauntlet |       0 |    3250 | 100.0 |       0 |       9 | 100.0
            +---------+---------+-------+---------+---------+-------
